 Dungeon Crawl Stone Soup version 0.29-a0-321-gf1c400731a (webtiles) character file.

Game seed: 15421785140118130048

3514 Dabor the Cleaver (level 10, -2/88 HPs)
             Began as a Hill Orc Fighter on Apr 5, 2022.
             Was a Priest of Beogh.
             Slain by a death knight
             ... wielding a +2 glaive of flaming
              (12 damage)
             ... on level 8 of the Dungeon.
             The game lasted 00:10:37 (6920 turns).

Dabor the Cleaver (Hill Orc Fighter)                Turns: 6920, Time: 00:10:37

Health: -2/88      AC: 14    Str: 24    XL:     10   Next: 8%
Magic:  11/11      EV: 11    Int:  8    God:    Beogh [***...]
Gold:   413        SH:  5    Dex: 10    Spells: 9/9 levels left

rFire   . . .      SeeInvis .   a - +1 hand axe (drain)
rCold   . . .      Faith    .   c - +0 buckler
rNeg    . . .      Spirit   .   w - +0 scale mail
rPois   .          Reflect  .   (no helmet)
rElec   .          Harm     .   p - +1 cloak
rCorr   +          Rampage  .   C - +0 pair of gloves
Will    .....                   j - +0 pair of boots
Stlth   +.........              (no amulet)
HPRegen 0.24/turn               t - ring of resist corrosion
MPRegen 0.12/turn               (no ring)

@: mighty, about to teleport, flying, hasted and slowed
A: iridescent scales 1, camouflage 1
a: Renounce Religion, Smiting


You were on level 8 of the Dungeon.
You worshipped Beogh.
Beogh was most pleased with you.
You visited 1 branch of the dungeon, and saw 8 of its levels.
You also visited: Ossuary.

You collected 413 gold pieces.

Inventory:

Hand Weapons
 a - a +1 hand axe of draining (weapon)
 b - the +3 hunting sling "Lewytexe" {speed, rCorr Int-2 Dex+8}
   (You found it on level 4 of the Dungeon)

   Attacks with this weapon are significantly faster.
   Int:       It affects your intelligence (-2).
   Dex:       It affects your dexterity (+8).
   rCorr:     It protects you from acid and corrosion.
Missiles
 u - 31 poisoned darts (quivered)
Armour
 c - a +0 buckler (worn)
 j - a +0 pair of boots (worn)
 p - a +1 cloak (worn)
 w - a +0 scale mail (worn)
 C - a +0 pair of gloves (worn)
Jewellery
 t - a ring of resist corrosion (left hand)
Wands
 d - a wand of digging (12)
Scrolls
 e - a scroll of noise
 g - 3 scrolls of fog
 h - 2 scrolls of teleportation
 i - a scroll of blinking
 n - 3 scrolls of amnesia
 x - 2 scrolls of immolation
 y - a scroll of torment
Potions
 l - a potion of cancellation
 q - 2 potions of flight
 r - 7 potions of curing
 s - 3 potions of attraction {unknown}
 v - 3 potions of lignification {unknown}
 A - a potion of ambrosia {unknown}
 D - 2 potions of mutation


   Skills:
 + Level 7.7 Fighting
 + Level 10.9 Axes
 + Level 0.5 Throwing
 + Level 6.9 Armour
 + Level 4.5 Dodging
 + Level 7.1 Shields
 * Level 1.5 Invocations
 + Level 0.6 Evocations


You had 9 spell levels left.
You didn't know any spells.
Your spell library contained the following spells:

 Spells                   Type           Power      Damage    Failure   Level
 Shock                    Conj/Air       0%         1d3       77%         1
 Static Discharge         Conj/Air       0%         N/A       88%         2
 Inner Flame              Hex/Fire       0%         N/A       98%         3
 Swiftness                Air            0%         N/A       98%         3
 Tukima's Dance           Hex            0%         N/A       98%         3
 Airstrike                Air            0%         N/A       100%        4
 Anguish                  Hex/Necr       0%         N/A       100%        4
 Cause Fear               Hex            0%         N/A       100%        4
 Lightning Bolt           Conj/Air       0%         1d11      100%        5
 Enfeeble                 Hex            0%         N/A       100%        7
 Discord                  Hex            0%         N/A       100%        8
 Maxwell's Capacitive Co  Air            0%         ∞         100%        8


Dungeon Overview and Level Annotations

Branches:
Dungeon (8/15)             Temple (0/1) D:4         Ossuary (visited)
   Lair: D:8-11

Altars:
Ashenzari
Uskayaw
Wu Jian

Shops:
D:6 =   D:8 :

Annotations:
D:8 1 runed translucent door, Murumi's ghost, novice DjMo


Innate Abilities, Weirdness & Mutations

You are partially covered in iridescent scales. (AC +2)
Your skin changes colour to match your surroundings (Stealth+).


Message History

The freezing wraith is lightly damaged.
You block the death knight's attack.
The freezing wraith hits you but does no damage.
The freezing wraith hits you.
You completely miss the freezing wraith.
The freezing wraith is lightly damaged.
You hit the freezing wraith.
The freezing wraith is moderately damaged.
You block the freezing wraith's attack. The freezing wraith hits you.
The freezing wraith drains your vigour!
You feel yourself slow down.
The death knight offers itself to Yredelemnul, and fills with unholy energy.
You hit the freezing wraith.
The freezing wraith is moderately damaged.
The death knight hits you from afar with a +2 glaive of flaming!
The death knight burns you.
You block the freezing wraith's attack. x2
The freezing wraith attacks as you move away!
The freezing wraith hits you. The freezing wraith freezes you!!
* * * LOW HITPOINT WARNING * * *
The freezing wraith hits you.
* * * LOW HITPOINT WARNING * * *
The freezing wraith drains your vigour!
You feel as though you will be slow longer.
There is a collapsed entrance here.
You feel much better.
As you read the scroll of fear, it crumbles to dust.
You assume a fearsome visage.
The death knight resists with almost no effort.
The death knight barely misses you.
As you read the scroll of teleportation, it crumbles to dust.
You feel strangely unstable. You block the death knight's attack.
You feel better.
The death knight hits you from afar with a +2 glaive of flaming!!
* * * LOW HITPOINT WARNING * * *
The death knight burns you!
* * * LOW HITPOINT WARNING * * *
You feel much better.
The death knight hits you from afar with a +2 glaive of flaming!!
* * * LOW HITPOINT WARNING * * *
The death knight burns you!
You die...

###### ####....*******
*******#.......,,,,,,*
+,,,,,,+......,###,,,*
*,,,,,,*,,....,#.#,,,*
**#..#**,,,#.###.###,*
###..###+###.'Wp...#,*
......#......###.###,*
,.....#........#@#,,,*
+##..##....#...###..,*
.##..#######pW......,*
......W.........##.#**
.................!.#
###..####..##..#####
#########..#*..#*
............#...#
...∩.W......#...#


You could see a death knight (reflects damage).

Vanquished Creatures
  The ghost of UristMcRaven the Insei, a novice OpTm of Cheibriados (D:7)
  A freezing wraith (D:8)
  The ghost of Dabor the Stinger, a novice OpTm of Gozag (D:4)
  Sigmund (D:2)
  Eustachio (D:6)
  3 steam dragons
  A black bear (D:7)
  A sky beast (D:5)
  An ice beast (D:7)
  An orc warrior (D:8)
  4 ogres
  A phantom (D:4)
  2 kobold brigands
  5 bullfrogs
  2 scorpions (D:4)
  A centaur zombie (Ossuary)
  2 human zombies (Ossuary)
  2 jellies
  3 hounds
  2 orc priests
  An iguana (D:6)
  3 orc wizards
  2 mummies (Ossuary)
  10 adders
  A white imp (D:5)
  3 ufetubi
  3 adder zombies (Ossuary)
  14 orcs
  5 bats
  6 endoplasms
  3 giant cockroaches
  6 goblins
  4 hobgoblins
  3 quokkas
  5 ball pythons
  A ball python zombie (D:2)
  2 frilled lizards
  12 hobgoblin zombies (Ossuary)
  9 kobolds
  7 kobold zombies (Ossuary)
  7 orc zombies (Ossuary)
  5 rats
  3 rat zombies (Ossuary)
151 creatures vanquished.

Vanquished Creatures (collateral kills)
  2 kobold zombies (Ossuary)
2 creatures vanquished.

Vanquished Creatures (others)
  A plant (D:3)
  4 withered plants
5 creatures vanquished.

Grand Total: 158 creatures vanquished

Notes
Turn   | Place    | Note
-------+----------+-------------------------------------------
     0 | D:1      | Dabor the Hill Orc Fighter began the quest for the Orb.
     0 | D:1      | Reached XP level 1. HP: 19/19 MP: 1/1
   833 | D:2      | Reached XP level 2. HP: 26/27 MP: 2/2
   837 | D:2      | Reached skill level 3 in Axes
   991 | D:2      | Noticed Sigmund
  1017 | D:2      | Killed Sigmund
  1018 | D:2      | Reached skill level 4 in Axes
  1018 | D:2      | Reached skill level 1 in Dodging
  1018 | D:2      | Reached XP level 3. HP: 10/34 MP: 3/3
  1018 | D:2      | Reached XP level 4. HP: 12/41 MP: 4/4
  1018 | D:2      | Reached XP level 5. HP: 14/47 MP: 5/5
  1470 | D:2      | Found an ornate altar of the Wu Jian Council.
  1685 | D:3      | Found a faded altar of an unknown god.
  2173 | D:4      | Reached skill level 5 in Axes
  2173 | D:4      | Reached XP level 6. HP: 53/53 MP: 6/6
  2372 | D:4      | Found a runed translucent door.
  2373 | D:4      | Noticed Dabor's ghost (novice OpTm)
  2416 | D:4      | Identified the +3 hunting sling "Lewytexe" {speed, rCorr
                  | Int-2 Dex+8}
  2433 | D:4      | Reached skill level 5 in Fighting
  2433 | D:4      | Reached skill level 6 in Axes
  2433 | D:4      | Reached XP level 7. HP: 40/61 MP: 7/7
  2736 | D:4      | Found a staircase to the Ecumenical Temple.
  3083 | D:4      | Reached skill level 5 in Shields
  3340 | D:4      | Killed Dabor's ghost
  3341 | D:4      | Reached skill level 7 in Axes
  3341 | D:4      | Reached skill level 5 in Armour
  3341 | D:4      | Reached XP level 8. HP: 58/70 MP: 8/8
  3353 | D:4      | Gained mutation: You are clumsy. (Dex -2) [potion of
                  | mutation]
  3353 | D:4      | Gained mutation: You expend magic power (3 MP) to
                  | strengthen your wands. [potion of mutation]
  3353 | D:4      | Gained mutation: You are resistant to electric shocks.
                  | (rElec) [potion of mutation]
  3353 | D:4      | Gained mutation: You passively map a small area around you.
                  | [potion of mutation]
  3354 | D:4      | Lost mutation: You passively map a small area around you.
                  | [potion of mutation]
  3354 | D:4      | Lost mutation: You are resistant to electric shocks.
                  | (rElec) [potion of mutation]
  3354 | D:4      | Lost mutation: You expend magic power (3 MP) to strengthen
                  | your wands. [potion of mutation]
  3354 | D:4      | Gained mutation: Your spells are a little easier to cast,
                  | but a little less powerful. [potion of mutation]
  3355 | D:4      | Lost mutation: You are clumsy. (Dex -2) [potion of
                  | mutation]
  3355 | D:4      | Lost mutation: Your spells are a little easier to cast, but
                  | a little less powerful. [potion of mutation]
  3355 | D:4      | Gained mutation: Your magical capacity is low. (-10% MP)
                  | [potion of mutation]
  3355 | D:4      | Gained mutation: Your magical capacity is very low. (-20%
                  | MP) [potion of mutation]
  3356 | D:4      | Lost mutation: Your magical capacity is very low. (-20% MP)
                  | [potion of mutation]
  3356 | D:4      | Lost mutation: Your magical capacity is low. (-10% MP)
                  | [potion of mutation]
  3356 | D:4      | Gained mutation: Your spells are a little harder to cast,
                  | but a little more powerful. [potion of mutation]
  3356 | D:4      | Gained mutation: Your magical capacity is low. (-10% MP)
                  | [potion of mutation]
  3356 | D:4      | Gained mutation: You are frail. (-10% HP) [potion of
                  | mutation]
  3357 | D:4      | Lost mutation: Your magical capacity is low. (-10% MP)
                  | [potion of mutation]
  3357 | D:4      | Lost mutation: You are frail. (-10% HP) [potion of
                  | mutation]
  3357 | D:4      | Lost mutation: Your spells are a little harder to cast, but
                  | a little more powerful. [potion of mutation]
  3357 | D:4      | Gained mutation: Your skin changes colour to match your
                  | surroundings (Stealth+). [potion of mutation]
  3357 | D:4      | Gained mutation: You are partially covered in iridescent
                  | scales. (AC +2) [potion of mutation]
  3418 | D:5      | Entered Level 5 of the Dungeon
  3458 | D:5      | Found a broken altar of Ashenzari.
  3525 | D:5      | Became a worshipper of Beogh the Brigand
  3949 | D:5      | Reached skill level 8 in Axes
  4406 | D:6      | Noticed a +0 short sword
  4406 | D:6      | Noticed a +0 falchion
  4408 | D:6      | Noticed a +0 spear
  4408 | D:6      | Noticed a +0 spear
  4409 | D:6      | Noticed a +0 falchion
  4409 | D:6      | Noticed a +0 dagger
  4409 | D:6      | Noticed a +0 short sword
  4409 | D:6      | Noticed a +0 dagger
  4436 | D:6      | Found a hide-covered altar of Uskayaw.
  4639 | D:6      | Found Suotadur's Jewellery Shop.
  4653 | D:6      | Reached * piety under Beogh
  4976 | D:6      | Noticed Eustachio
  5031 | D:6      | Killed Eustachio
  5032 | D:6      | Reached skill level 9 in Axes
  5032 | D:6      | Reached XP level 9. HP: 71/78 MP: 9/9
  5581 | D:7      | Found a runed translucent gate.
  5581 | D:7      | Found a runed translucent gate.
  5581 | D:7      | Found a runed translucent gate.
  5582 | D:7      | Noticed UristMcRaven's ghost (novice OpTm)
  5621 | D:7      | Killed UristMcRaven's ghost
  5622 | D:7      | Reached skill level 10 in Axes
  6334 | D:8      | Noticed a seven-headed hydra
  6430 | D:8      | Found a runed translucent door.
  6431 | D:8      | Noticed Murumi's ghost (novice DjMo)
  6439 | D:8      | Found Jelavy's Book Shop.
  6440 | D:8      | Noticed a freezing wraith
  6451 | D:8      | Noticed a death knight
  6452 | D:8      | Noticed a freezing wraith
  6464 | D:8      | Found a sand-covered staircase.
  6468 | Ossuary  | Entered an ossuary
  6629 | Ossuary  | Reached ** piety under Beogh
  6791 | Ossuary  | Reached *** piety under Beogh
  6795 | Ossuary  | Reached XP level 10. HP: 79/86 MP: 10/10
  6906 | D:8      | Reached skill level 1 in Invocations
  6919 | D:8      | HP: 3/88 [death knight/+2 glaive of flaming (9)]
  6920 | D:8      | Slain by a death knight

Illustrated notes

Levels and vault maps discovered:
D:1:      scummos_arrival_simple_crosswalls, layout_basic
D:2:      layout_loops_cross, basic_altar, serial_undead, serial_undead_f,
          serial_undead_d, serial_undead_b, serial_undead_e, serial_undead_d,
          serial_undead_b, nrook_loot_triangle, uniq_sigmund
D:3:      layout_basic, shapermc_ecumenical_altar_mp_ritualfount
D:4:      layout_loops_ring, minmay_temple_entry_trees, gammafunk_ghost_grave,
          kennysheep_generic_room_9
D:5:      layout_cave_pods, mainiacjoe_overflow_alcove_1,
          minmay_misc_feat_secret_circle
D:6:      layout_layer_cave, nicolae_uskayaw_en_pointe, serial_shops, shop,
          kennysheep_nub, uniq_eustachio
D:7:      layout_loops_ring, ebering_ghost_rock_garden
D:8:      layout_gridville, ebering_ghost_reflecting_pool, serial_shops, shop,
          nicolae_ossuary_entry_plus, uniq_psyche

Skill      XL: |  1  2  3  4  5  6  7  8  9 10 |
---------------+-------------------------------+-----
Axes           | 4 5 6 7 9 10 | 10.9
Fighting       | 4 5 6 7 |  7.7
Armour         | 4 5 6 |  6.9
Dodging        | 1 2 3 4 |  4.5
Shields        | 4 5 6 7 |  7.1
Invocations    | 1 |  1.5
Throwing       | |  0.5
Evocations     | |  0.6

Action                   |  1- 3 |  4- 6 |  7- 9 | 10-12 || total
-------------------------+-------+-------+-------+-------++-------
Melee: War axe           |    58 |    93 |       |       ||   151
       Hand axe          |       |       |   431 |    12 ||   443
 Fire: Hunting sling     |       |     7 |    12 |       ||    19
Throw: Dart              |       |     5 |     7 |       ||    12
Invok: Convert to Beogh  |       |       |     1 |       ||     1
  Use: Potion            |     1 |       |    10 |     7 ||    18
       Scroll            |       |       |    16 |     2 ||    18
Armor: Scale mail        |    35 |    68 |   190 |     6 ||   299
Dodge: Dodged            |    21 |    42 |   146 |     3 ||   212
Block: Buckler           |    10 |    23 |   102 |     9 ||   144

Table legend: (Time is in decaauts)
 A = Elapsed time spent in this place.
 B = Non-inter-level travel time spent in this place.
 C = Inter-level travel time spent in this place.
 D = Time resting spent in this place.
 E = Time spent auto-exploring this place.
 F = Levels seen in this place.
 G = Mean time per level.
                   A        B        C        D        E       F      G
               +--------+--------+--------+--------+--------+-----+--------+
         Total |   6906 |   6706 |    200 |    293 |   5145 |   9 |  767.3 |
       Dungeon |   6511 |   6311 |    200 |    293 |   4872 |   8 |  813.9 |
       Ossuary |    395 |    395 |      0 |      0 |    273 |   1 |  395.0 |
               +--------+--------+--------+--------+--------+-----+--------+

Top non-repeatable levels by time:
     D:4: 1269 daAuts
     D:6: 1108 daAuts
     D:7: 908 daAuts
     D:5: 904 daAuts
     D:2: 838 daAuts
     D:1: 815 daAuts
     D:3: 549 daAuts
 Ossuary: 395 daAuts
     D:8: 116 daAuts
